 Dungeon Crawl Stone Soup version 0.17-a0-1399-gd5b76e1 (webtiles) character file.

166 urechis the Spear-Bearer (level 5, 0/38 HPs)
             Began as a Merfolk Gladiator on June 18, 2015.
             Slain by a gnoll
             ... wielding a +0 halberd
              (6 damage)
             ... on level 3 of the Dungeon.
             The game lasted 00:03:46 (1771 turns).

urechis the Spear-Bearer (Merfolk Gladiator)        Turns: 1771, Time: 00:03:46

Health: 0/38       AC:  4    Str: 16    XL:     5   Next: 47%
Magic:  5/5        EV:  8    Int:  7    God:
Gold:   151        SH:  0    Dex: 15    Spells: 0 memorised, 4 levels left

rFire  . . .     SeeInvis .     a - +0 trident
rCold  . . .     Clarity  .     b - +0 leather armour
rNeg   . . .     SustAt   .     (no shield)
rPois  .         Gourm    .     c - +0 helmet
rElec  .         Spirit   .     (no cloak)
rCorr  .         Warding  .     (no gloves)
rMut   .         Stasis   .     (no boots)
MR     .....                    (no amulet)
Stlth  +.........               (no ring)
                                k - ring of wizardry

@: not resistant to hostile enchantments, very unstealthy
A: change form in water, swift swim
a: no special abilities


You were on level 3 of the Dungeon.
You were not hungry.

You visited 1 branch of the dungeon, and saw 3 of its levels.

You collected 151 gold pieces.

Inventory:

Hand weapons
 a - a +0 trident (weapon)
Missiles
 d - 3 throwing nets (quivered)
 t - 6 javelins of penetration
Armour
 b - a +0 leather armour (worn)
 c - a +0 helmet (worn)
Jewellery
 k - a ring of wizardry (left hand)
Magical devices
 u - a wand of teleportation (2)
Scrolls
 f - 2 scrolls of identify {unknown}
 h - a scroll of recharging {unknown}
 i - 2 scrolls of noise {unknown}
 l - 3 scrolls of teleportation {unknown}
 o - 2 scrolls of remove curse {unknown}
Potions
 g - a potion of cancellation {unknown}
 j - 2 potions of curing {unknown}
 n - 2 potions of degeneration {unknown}
 q - a potion of invisibility {unknown}
 r - a potion of might {unknown}
 s - a potion of magic {unknown}
Comestibles
 m - 3 meat rations
 p - 2 fruits
 v - 3 chunks of flesh
 w - a beef jerky


   Skills:
 - Level 2.1 Fighting
 + Level 8.7 Polearms
 - Level 2.0 Throwing
 - Level 4.0 Dodging


You had 4 spell levels left.
You didn't know any spells.

Dungeon Overview and Level Annotations

Branches:
Dungeon (3/15)

Altars:
Cheibriados
Makhleb
The Shining One


Message History

You are too injured to fight recklessly!
You are too injured to fight recklessly!
You are too injured to fight recklessly!
You are too injured to fight recklessly!
You are too injured to fight recklessly!
Unknown command.
You are too injured to fight recklessly!
You are too injured to fight recklessly!
You are too injured to fight recklessly!
Evoke which item? (* to show all) (? for menu, Esc to quit)
Okay, then.
Attack whom?
Press: ? - help, Dir - move target cursor, f - gnoll
Aim: a gnoll, wielding a halberd You reach to attack!
You hit the gnoll.
The gnoll is lightly wounded.
The gnoll barely misses you.
There is a stone staircase leading up here.
The gnoll hits you from afar with a halberd.
You die...

._..# #...#.......####.#
#.#.###########.##......##
.#
................####[####
.# ...############## #.# #
#.## ####.# #.### #....#
....# #..### ....# .
##.#.## # ..#.# ...
##@.##.##.. .##.#
.....##.#....... ....#
.....gg...#..##. ##..#
.....####...## # ##..#
#### ##..# ....#
##########.# ##.#######..
..# #.# ........##.####.#
#.# #..#.##.#.......###.#


You could see 2 gnolls.

Vanquished Creatures
  A hound (D:3)
  An orc wizard (D:3)
  Terence (D:3)
  2 adders (D:2)
  A gnoll (D:3)
  2 oozes
  2 orcs (D:3)
  A ball python (D:1)
  8 bats
  A giant cockroach (D:2)
  6 hobgoblins
  4 jackals (D:2)
  A giant gecko (D:1)
  2 giant newts
  7 goblins
  4 kobolds
  7 rats
51 creatures vanquished.

Notes
Turn   | Place    | Note
--------------------------------------------------------------
     0 | D:1      | urechis the Merfolk Gladiator began the quest for the Orb.
     0 | D:1      | Reached XP level 1. HP: 16/16 MP: 1/1
    54 | D:1      | Reached skill level 5 in Polearms
    69 | D:1      | Reached XP level 2. HP: 17/22 MP: 2/2
   760 | D:2      | Reached skill level 6 in Polearms
   760 | D:2      | Reached XP level 3. HP: 27/27 MP: 3/3
  1005 | D:2      | Found a snail-covered altar of Cheibriados.
  1121 | D:2      | Reached skill level 7 in Polearms
  1121 | D:2      | Reached XP level 4. HP: 26/33 MP: 4/4
  1361 | D:3      | Found a burning altar of Makhleb.
  1377 | D:3      | Reached skill level 8 in Polearms
  1377 | D:3      | Reached XP level 5. HP: 14/38 MP: 5/5
  1609 | D:3      | Noticed Terence
  1629 | D:3      | Killed Terence
  1710 | D:3      | Found a glowing golden altar of the Shining One.
  1771 | D:3      | Slain by a gnoll

Vault maps used:
D:1:      lemuel_arrival_lava_pool, corexii_hall_statues_l
D:2:      nicolae_overflow_crystal_walls
D:3:      makhleb_heckhound_becter, lemuel_crystal_altar,
          corexii_item_surrounded_by_moat, uniq_jessica, uniq_terence

Action                   |  1- 3 |  4- 6 || total
-------------------------+-------+-------++-------
Melee: Trident           |    97 |    60 ||   157
 Stab: Distracted        |       |     1 ||     1
  Eat: Chunk             |     1 |     1 ||     2
       Bread ration      |       |     1 ||     1
